 Dungeon Crawl Stone Soup version 0.25-a0-566-g062765be81 (webtiles) character file.

Game seed: 5438435589441669705, levelgen mode: deterministic

3785 Lugonue the Thaumaturge (level 9, -3/36 HPs)
             Began as a Felid Conjurer on Feb 27, 2020.
             Was a Believer of Sif Muna.
             Killed by divine providence
             ... invoked by an orc priest
              (13 damage)
             ... on level 8 of the Dungeon.
             The game lasted 00:33:53 (12731 turns).

Lugonue the Thaumaturge (Felid Conjurer)           Turns: 12731, Time: 00:33:53

Health: -3/36      AC:  4    Str:  4    XL:     9   Next: 95%
Magic:  10/24      EV: 27    Int: 23    God:    Sif Muna [**....]
Gold:   444        SH:  0    Dex: 16    Spells: 11/28 levels left
                                        Lives:  0   Deaths: 2

rFire    . . .     SeeInvis +     - Unarmed
rCold    + + .     Gourm    .   (shield unavailable)
rNeg     . . .     Faith    .   (armour unavailable)
rPois    .         Spirit   .   (helmet unavailable)
rElec    .         Reflect  .   (cloak unavailable)
rCorr    .         Harm     .   (gloves unavailable)
MR       +....                  (boots unavailable)
Stlth    ++++......             (no amulet)
HPRegen  0.12/turn              o - +3 ring of intelligence
MPRegen  0.19/turn              n - ring of Nodoton {rC++ EV+5}

@: quick
A: very small, no armour, no weapons or thrown items, stealth, claws 1, fangs 3,
iridescent scales 1, see invisible, carnivore, speed 1, shaggy fur 2, slow
metabolism 1, sharp paws
a: Channel Magic, Renounce Religion


You were on level 8 of the Dungeon.
You worshipped Sif Muna.
Sif Muna was pleased with you.
You were very full.

You visited 2 branches of the dungeon, and saw 9 of its levels.
You also visited: Bailey.

You collected 444 gold pieces.

Inventory:

Jewellery
 n - the ring of Nodoton (right paw) {rC++ EV+5}
   (You took it off a crimson imp on level 7 of the Dungeon)

   [ring of evasion]

   It affects your evasion (+5).
   It greatly protects you from cold.
 o - a +3 ring of intelligence (left paw)
 q - an uncursed ring of protection from fire
Wands
 m - a wand of clouds (5)
Scrolls
 e - 3 scrolls of amnesia
 f - 5 scrolls of remove curse
 h - 3 scrolls of teleportation
 k - 3 scrolls of identify
 r - a scroll of fog
Potions
 c - a potion of invisibility
 d - a potion of haste
 g - 6 potions of curing
 i - 2 potions of degeneration
 j - a potion of heal wounds
 l - a potion of magic
 s - a potion of flight
Miscellaneous
 a - a fan of gales
 p - a phial of floods
 t - a tin of tremorstones
Comestibles
 b - 9 rations


   Skills:
 + Level 1.6 Fighting
 + Level 6.4 Dodging
 + Level 7.9 Stealth
 + Level 6.3 Unarmed Combat
 * Level 10.1 Spellcasting
 + Level 6.1 Conjurations
 + Level 4.1 Summonings
 + Level 1.9 Air Magic


You had 11 spell levels left.
You knew the following spells:

 Your Spells              Type           Power        Failure   Level  Hunger
a - Magic Dart            Conj           ####         1%          1    None
b - Searing Ray           Conj           #####.       1%          2    None
c - Iskenderun's Mystic   Conj/Tloc      ####....     16%         4    #......
d - Call Canine Familiar  Summ           ####....     3%          3    None
e - Summon Lightning Spi  Summ/Air       ####....     16%         4    #......
f - Inner Flame           Hex/Fire       ##......     17%         3    None

Your spell library contained the following spells:

 Spells                   Type           Power        Failure   Level  Hunger
 Foxfire                  Conj/Fire      ####         1%          1    None
 Summon Small Mammal      Summ           ####         1%          1    None
 Call Imp                 Summ           ####....     1%          2    None
 Conjure Flame            Conj/Fire      ####....     4%          3    None
 Dazzling Flash           Conj/Hex       ####..       4%          3    None
 Summon Guardian Golem    Hex/Summ       ###.....     7%          3    None
 Fulminant Prism          Conj/Hex       ####......   16%         4    #......
 Sticky Flame             Conj/Fire      ####....     16%         4    #......
 Summon Ice Beast         Ice/Summ       ###.....     24%         4    #......
 Fireball                 Conj/Fire      ####......   41%         5    ####...


Dungeon Overview and Level Annotations

Branches:
Dungeon (8/15)             Temple (1/1) D:6          Bailey (visited)
   Lair: D:8-11

Altars:
Ashenzari
Cheibriados
Fedhas
Gozag
Hepliaklqana
Kikubaaqudgha
Nemelex Xobeh
Okawaru
Qazlal
Sif Muna
Trog
Vehumet
The Shining One

Annotations:
D:7 1 runed translucent door


Innate Abilities, Weirdness & Mutations

You cannot wear armour.
You are incapable of wielding weapons or throwing items.
Your paws allow you to move quietly. (Stealth)
You have sharp claws.
You have razor-sharp teeth.
You have supernaturally acute eyesight. (SInv)
You are carnivorous and can eat meat at any time.
You cover ground quickly.
You are covered in thick fur. (AC +2)
You have a slow metabolism.
Your sharp claws are effective at attacking unaware monsters.
You are partially covered in iridescent scales. (AC +2)


Message History

Casting: Inner Flame (safe; 17% risk of failure)
Confirm with . or Enter, or press ? or * to list all spells.
Aiming: Magic Dart (safe; 1% risk of failure)
Press: ? - help, Shift-Dir - straight line, f - orc warrior
Aim: an orc warrior, wielding a +2 halberd of venom and wearing a +0 plate armour (inner flame) Really fire in your hound's direction?
The magic dart hits your hound but does no damage.
The orc priest calls down the wrath of Beogh upon you.
Beogh smites you!
* * * LOW HITPOINT WARNING * * *
An orc wizard comes into view. It is wielding a +0 dagger.
Casting: Magic Dart (safe; 1% risk of failure)
Confirm with . or Enter, or press ? or * to list all spells.
You can't see any susceptible monsters within range! (Use Z to cast anyway.)
The orc wizard gestures wildly while chanting.
The orc wizard seems to speed up.
Your hound is smitten.
The orc priest calls down the wrath of Beogh upon you.
Beogh smites you!
You die...

## .. # #. #.
#...#.. .#... #
#....
.##.#...#######
%.....>........
#.@# ..○.○h.##
o.o☼### #.o .


You could see 2 orc priests, an orc wizard and a friendly hound.

Vanquished Creatures
  Harold (D:7)
  A hydra (D:7)
  A two-headed ogre (D:7)
  A manticore (D:7)
  Duvessa (D:4)
  A sky beast (D:7)
  11 orc warriors
  An ice beast (D:7)
  An eye of draining (D:6)
  2 phantoms (D:6)
  A necrophage (D:5)
  6 ogres
  5 centaurs (Bailey)
  A big kobold (D:7)
  2 bullfrogs
  Dowan (D:4)
  A scorpion (D:5)
  2 howler monkeys
  A crimson imp (D:5)
  A centaur zombie (D:5)
  2 jellies
  2 orc priests
  2 bullfrog skeletons
  2 hounds
  3 centaur skeletons
  Natasha (thrice) (D:3)
  3 orc wizards
  4 worker ants
  A hound zombie (D:7)
  A hound skeleton (D:4)
  7 adders
  3 gnolls (D:2)
  A howler monkey skeleton (D:7)
  2 shadow imps (D:7)
  3 oozes
  An adder zombie (D:7)
  An adder skeleton (D:5)
  7 worms
  A dart slug (D:1)
  10 leopard geckos
  37 orcs
  6 giant cockroaches
  9 goblins
  5 hobgoblins
  9 jackals
  2 quokkas
  10 bats
  6 frilled lizards
  7 kobolds
  A quokka skeleton (D:4)
  7 rats
200 creatures vanquished.

Vanquished Creatures (collateral kills)
  A yak (D:7)
  An ice beast (D:7)
  An ogre (D:6)
  3 centaurs (Bailey)
  A crocodile (D:7)
  2 bullfrogs
  A wyvern skeleton (D:7)
  A scorpion (D:5)
  A killer bee (D:7)
  A crimson imp (D:7)
  A hound (D:7)
  An iron imp (D:5)
  2 orc priests
  A worker ant (D:7)
  A hound zombie (D:6)
  2 adders (D:7)
  2 shadow imps (D:7)
  2 adder zombies (D:7)
  9 orcs
  A giant cockroach (D:7)
  A leopard gecko skeleton (D:7)
36 creatures vanquished.

Grand Total: 236 creatures vanquished

Notes
Turn   | Place    | Note
-------+----------+-------------------------------------------
     0 | D:1      | Lugonue the Felid Conjurer began the quest for the Orb.
     0 | D:1      | Reached XP level 1. HP: 7/7 MP: 4/4
   485 | D:1      | Reached XP level 2. HP: 11/11 MP: 6/6
   590 | D:1      | Learned a level 2 spell: Searing Ray
   824 | D:1      | Reached skill level 1 in Unarmed Combat
  1683 | D:2      | Reached XP level 3. HP: 14/14 MP: 2/7
  2160 | D:2      | Reached XP level 4. HP: 18/18 MP: 4/8
  3036 | D:3      | Noticed Natasha
  3038 | D:3      | Killed Natasha
  3206 | D:3      | Learned a level 4 spell: Iskenderun's Mystic Blast
  3305 | D:3      | Reached XP level 5. HP: 21/21 MP: 6/9
  3653 | D:3      | Noticed Natasha
  3660 | D:3      | Killed Natasha
  3814 | D:3      | Noticed Natasha
  3907 | D:3      | Killed Natasha
  4293 | D:4      | Found the +0 sword of Power
  4310 | D:4      | Reached skill level 3 in Spellcasting
  4310 | D:4      | Gained mutation: You are covered in thick fur. (AC +2)
                  | [Felid growth]
  4310 | D:4      | Reached XP level 6. HP: 21/24 MP: 11/11
  4359 | D:4      | Found a glowing drain.
  4368 | D:4      | Noticed Duvessa
  4576 | D:4      | Noticed Dowan
  4592 | D:4      | Killed Dowan
  5191 | D:4      | Killed Duvessa
  5191 | D:4      | Reached skill level 5 in Stealth
  5237 | D:4      | Reached XP level 7. HP: 28/28 MP: 0/13
  5802 | D:4      | Learned a level 3 spell: Call Canine Familiar
  5978 | D:5      | Entered Level 5 of the Dungeon
  6002 | D:5      | Reached skill level 4 in Spellcasting
  6431 | D:5      | Reached skill level 1 in Summonings
  6583 | D:5      | Learned a level 4 spell: Summon Lightning Spire
  6788 | D:5      | Reached skill level 1 in Fighting
  6788 | D:5      | Reached XP level 8. HP: 26/32 MP: 0/16
  7092 | D:5      | Reached skill level 5 in Dodging
  7153 | D:5      | Found a glowing golden altar of the Shining One.
  7204 | D:5      | Found a snail-covered altar of Cheibriados.
  7232 | D:5      | Reached skill level 5 in Spellcasting
  7273 | D:6      | Reached skill level 5 in Conjurations
  7488 | D:6      | Found a staircase to the Ecumenical Temple.
  7522 | D:6      | Found a sparkling altar of Nemelex Xobeh.
  7533 | Temple   | Entered the Ecumenical Temple
  7555 | Temple   | Became a worshipper of Sif Muna the Loreminder
  7806 | D:6      | Reached skill level 6 in Spellcasting
  8370 | D:6      | Reached skill level 5 in Unarmed Combat
  8370 | D:6      | Reached XP level 9. HP: 35/35 MP: 16/19
  8481 | D:7      | Found a flagged portal.
  8530 | Bailey   | Entered a bailey
  8583 | Bailey   | Gained mutation: Your spells are a little harder to cast,
                  | but a little more powerful. [potion of mutation]
  8583 | Bailey   | Lost mutation: Your spells are a little harder to cast, but
                  | a little more powerful. [potion of mutation]
  8583 | Bailey   | Gained mutation: You are partially covered in iridescent
                  | scales. (AC +2) [potion of mutation]
  8679 | Bailey   | Reached * piety under Sif Muna
  8893 | Bailey   | Reached skill level 7 in Spellcasting
  9242 | Bailey   | Slain by an orc warrior
  9243 | Bailey   | Reached XP level 8. HP: -2/32 MP: 12/19
  9875 | Bailey   | Reached skill level 8 in Spellcasting
  9920 | Bailey   | Reached XP level 9. HP: 21/35 MP: 4/22
 11106 | D:7      | Reached ** piety under Sif Muna
 11328 | D:7      | Noticed Harold
 11344 | D:7      | Killed from afar by Harold
 11345 | D:7      | Reached XP level 8. HP: 0/32 MP: 12/21
 11354 | D:7      | Reached skill level 9 in Spellcasting
 11464 | D:7      | Found a runed translucent door.
 11510 | D:7      | Noticed a manticore
 11519 | D:7      | Killed a manticore
 11519 | D:7      | Reached XP level 9. HP: 10/35 MP: 18/23
 12018 | D:7      | Noticed a five-headed hydra
 12041 | D:7      | Killed a five-headed hydra
 12041 | D:7      | Reached skill level 1 in Air Magic
 12156 | D:7      | Noticed a two-headed ogre
 12187 | D:7      | Killed a two-headed ogre
 12320 | D:7      | Identified the ring of Nodoton {rC++ EV+5}
 12462 | D:7      | Killed Harold
 12462 | D:7      | Reached skill level 10 in Spellcasting
 12623 | D:7      | Found a stormy altar of Qazlal.
 12709 | D:7      | Learned a level 3 spell: Inner Flame
 12731 | D:8      | Killed from afar by an orc priest

Levels and vault maps discovered:
D:1:      sevenhm_arrival_forest_fort_small_1, layout_basic
D:2:      layout_basic, first_ration, minmay_pentomino_s4
D:3:      layout_basic, uniq_natasha
D:4:      layout_basic, portal_sewer_entry_f, uniq_duvessa
D:5:      layout_basic, lemuel_doored_altar, minmay_misc_feat_alley,
          chei_slow_surprise
D:6:      layout_basic, temple_statues, nemelex_dance_club_becter
D:7:      minmay_the_grid_triangle_9x9_rhombus_full
          [minmay_the_grid_triangle_9x9_intruding_spiral,
          minmay_the_grid_triangle_9x9_sparse_checkered,
          minmay_the_grid_triangle_9x9_negative_grid,
          minmay_the_grid_triangle_9x9_subtriangle,
          minmay_the_grid_triangle_9x9_checkered,
          minmay_the_grid_triangle_9x9_steps,
          minmay_the_grid_triangle_9x9_alien,
          minmay_the_grid_triangle_9x9_prize_center], layout_loops_ring,
          nicolae_overflow_crystal_walls, enter_bailey_3, uniq_harold
D:8:      argonaut_augean_stables, layout_rooms,
          lemuel_zombie_altar_yredelemnul, lemuel_round_altar,
          kennysheep_mini_moat, serial_shops, shop_fountains
Temple:   eino_temple_rhombus

Skill      XL: |  1  2  3  4  5  6  7  8  9 |
---------------+----------------------------+-----
Unarmed Combat | 1 2 3 4 6 |  6.3
Stealth        | 3 4 5 6 7 |  7.9
Conjurations   | 4 5 6 |  6.1
Dodging        | 3 4 6 |  6.4
Spellcasting   | 3 4 9 10 | 10.1
Summonings     | 2 3 4 |  4.1
Fighting       | 1 |  1.6
Air Magic      | 1 |  1.9

Action                   |  1- 3 |  4- 6 |  7- 9 || total
-------------------------+-------+-------+-------++-------
Melee: Unarmed           |    77 |    94 |   221 ||   392
       Bite              |     7 |    10 |    15 ||    32
       Punch             |       |       |     4 ||     4
 Cast: Magic Dart        |     8 |    34 |   157 ||   199
       Searing Ray       |     9 |    26 |    75 ||   110
       Call Canine Famil |       |       |    30 ||    30
       Summon Lightning  |       |       |    15 ||    15
       Inner Flame       |       |       |     3 ||     3
Evoke: Wand              |       |       |     2 ||     2
  Use: Potion            |       |     2 |     4 ||     6
       Scroll            |       |       |    14 ||    14
 Stab: Sleeping          |     6 |     6 |    22 ||    34
       Invisible         |       |     6 |       ||     6
       Distracted        |       |       |     2 ||     2
  Eat: Chunk             |     7 |    11 |    18 ||    36
Armor: Skin              |     9 |     1 |    12 ||    22
Dodge: Dodged            |    88 |   126 |   270 ||   484

Table legend:
 A = Non-vault XP
 B = Vault XP
 C = Vault XP percentage of total XP
 D = Non-vault monster count
 E = Vault monster count
 F = Vault count percentage of total count
                 A         B        C        D         E       F
            +---------+---------+-------+---------+---------+-------
      Total |    3035 |    6066 |  66.7 |     149 |      87 |  36.9
            +---------+---------+-------+---------+---------+-------
        D:1 |      35 |       0 |   0.0 |      20 |       0 |   0.0
        D:2 |     105 |       8 |   7.1 |      27 |       4 |  12.9
        D:3 |     187 |      35 |  15.8 |      20 |       1 |   4.8
        D:4 |     300 |     233 |  43.7 |      14 |       8 |  36.4
        D:5 |     676 |      38 |   5.3 |      25 |       1 |   3.8
        D:6 |    1119 |     128 |  10.3 |      24 |       2 |   7.7
        D:7 |     572 |    3520 |  86.0 |      18 |      32 |  64.0
        D:8 |      41 |       0 |   0.0 |       1 |       0 |   0.0
     Bailey |       0 |    2104 | 100.0 |       0 |      39 | 100.0
            +---------+---------+-------+---------+---------+-------
